 Dungeon Crawl Stone Soup version 0.28-a0-535-g6f645e4c1d (webtiles) character file.

Game seed: 3932457466795223984

28 Spaninq the Chopper (level 3, 0/31 HPs)
             Began as a Hill Orc Warper on Sept 26, 2021.
             Slain by a hobgoblin (2 damage)
             ... on level 2 of the Dungeon.
             The game lasted 00:02:20 (1457 turns).

Spaninq the Chopper (Hill Orc Warper)               Turns: 1457, Time: 00:02:21

Health: 0/31       AC:  9    Str: 14    XL:     3   Next: 12%
Magic:  5/5        EV:  6    Int: 13    God:
Gold:   42         SH:  0    Dex: 10    Spells: 3/5 levels left

rFire   . . .      SeeInvis .   a - +0 hand axe
rCold   . . .      Faith    .   (no shield)
rNeg    . . .      Spirit   .   k - +0 chain mail
rPois   .          Reflect  .   (no helmet)
rElec   .          Harm     .   (no cloak)
rCorr   .          Rampage  .   (no gloves)
Will    .....                   j - +0 pair of boots
Stlth   ..........              (no amulet)
HPRegen 0.10/turn               (no ring)
MPRegen 0.09/turn               (no ring)

@: no status effects
A: no striking features
a: no special abilities


You were on level 2 of the Dungeon.
You visited 1 branch of the dungeon, and saw 2 of its levels.

You collected 42 gold pieces.

Inventory:

Hand Weapons
 a - a +0 hand axe (weapon)
Missiles
 d - 5 boomerangs of dispersal (quivered)
Armour
 j - a +0 pair of boots (worn)
 k - a +0 chain mail (worn)
Scrolls
 c - a scroll of blinking
 h - a scroll of holy word {unknown}
 i - 2 scrolls of teleportation {unknown}
Potions
 b - 2 potions of lignification {unknown}
 e - a potion of brilliance {unknown}
 f - a potion of might {unknown}
 g - a potion of heal wounds {unknown}


   Skills:
 + Level 3.0 Fighting
 * Level 3.8 Axes
 - Level 0.8 Throwing
 + Level 1.8 Armour
 - Level 1.5 Dodging
 - Level 1.5 Spellcasting
 - Level 2.4 Translocations


You had 3 spell levels left.
You knew the following spells:

 Your Spells              Type           Power      Damage    Failure   Level
a - Blink                 Tloc           N/A        N/A       99%         2

Your spell library contained the following spells:

 Spells                   Type           Power      Damage    Failure   Level
 Gell's Gravitas          Tloc           3%         N/A       100%        3
 Lesser Beckoning         Tloc           7%         N/A       100%        3
 Teleport Other           Tloc           7%         N/A       100%        3
 Manifold Assault         Tloc           7%         N/A       100%        5


Dungeon Overview and Level Annotations

Branches:
Dungeon (2/15)

Altars:

Annotations:
D:2 Terence


Message History

Terence closely misses you.
You hit Terence but do no damage.
Terence is severely wounded.
Terence hits you with a +0 falchion.
You hit Terence.
Terence is severely wounded.
Terence hits you with a +0 falchion. x2
You hit Terence but do no damage.
Terence is severely wounded.
Terence completely misses you.
You hit Terence but do no damage.
Terence is severely wounded.
Terence barely misses you.
You barely miss Terence.
Terence is severely wounded.
Terence hits you with a +0 falchion.
* * * LOW HITPOINT WARNING * * *
A hobgoblin comes into view.
The hobgoblin shouts!
There is an open door here.
The hobgoblin throws a stone.
The stone barely misses you.
You see here 9 poisoned darts.
The hobgoblin throws a stone.
The stone hits you but does no damage.
There is an open door here.
Terence hits you but does no damage.
You barely miss Terence.
Terence is severely wounded.
Terence barely misses you.
You closely miss Terence.
Terence is severely wounded.
Terence hits you with a +0 falchion.
* * * LOW HITPOINT WARNING * * *
You hit Terence but do no damage.
Terence is severely wounded.
Terence says, "How do you enjoy it?" Terence hits you with a +0 falchion.
* * * LOW HITPOINT WARNING * * *
The hobgoblin throws a stone.
The stone hits you but does no damage. The hobgoblin hits you.
You die...

.. ##.## ## #. #.#
##. .. #.# #<# #.
##'## #.# #. ##...##
#.#
####.#######(....##
##.
#........##.......#
#
#.#..@##g#.........#
#......@.'<........+
#.#...##.#.........#
# ##..##.##.......##
##.##.###.....##
.....# ##...##
#.#### #+## #.# #.


You could see Terence and a hobgoblin.

Vanquished Creatures
  4 bats
  3 endoplasms (D:1)
  A giant cockroach (D:1)
  3 goblins (D:1)
  4 jackals
  2 quokkas (D:1)
  3 frilled lizards
  2 kobolds (D:1)
  3 rats (D:1)
25 creatures vanquished.

Notes
Turn   | Place    | Note
-------+----------+-------------------------------------------
     0 | D:1      | Spaninq the Hill Orc Warper began the quest for the Orb.
     0 | D:1      | Reached XP level 1. HP: 18/18 MP: 3/3
   627 | D:1      | Reached XP level 2. HP: 20/25 MP: 4/4
   809 | D:1      | Learned a level 2 spell: Blink
  1137 | D:1      | Found a faded altar of an unknown god.
  1322 | D:2      | Noticed Terence
  1333 | D:2      | Reached XP level 3. HP: 30/30 MP: 5/5
  1457 | D:2      | Slain by a hobgoblin

Illustrated notes

Levels and vault maps discovered:
D:1:      saegor_arrival_simple_b, layout_loops_corners, basic_ecumenical_altar
D:2:      layout_loops_corners, kennysheep_generic_room_9,
          uniq_crazy_yiuf_cottage, uniq_natasha, uniq_terence

Skill      XL: |  1  2  3 |
---------------+----------+-----
Axes           | 3 |  3.8
Fighting       | 3 |  3.0
Throwing       | |  0.8
Armour         | |  1.8
Dodging        | |  1.5
Spellcasting   | |  1.5
Translocations | |  2.4

Action                   || total
-------------------------++-------
Melee: Hand axe          ||   112
Armor: Leather armour    ||    16
       Chain mail        ||    38
Dodge: Dodged            ||    67

Table legend: (Time is in decaauts)
 A = Elapsed time spent in this place.
 B = Non-inter-level travel time spent in this place.
 C = Inter-level travel time spent in this place.
 D = Time resting spent in this place.
 E = Time spent auto-exploring this place.
 F = Levels seen in this place.
 G = Mean time per level.
                   A        B        C        D        E       F      G
               +--------+--------+--------+--------+--------+-----+--------+
         Total |   1472 |   1424 |     48 |      0 |   1129 |   2 |  736.0 |
       Dungeon |   1472 |   1424 |     48 |      0 |   1129 |   2 |  736.0 |
               +--------+--------+--------+--------+--------+-----+--------+

Top non-repeatable levels by time:
     D:1: 1377 daAuts
     D:2: 95 daAuts
